 Dungeon Crawl Stone Soup version 0.31-a0-167-g1c394c0614 (webtiles) character file.

Game seed: 4540748498351286979

13906 qw the Skirmisher (level 12, -10/77 HPs)
             Began as a Gargoyle Hunter on June 14, 2023.
             Was an Elder of Okawaru.
             Mangled by a salamander
             ... wielding a +2 trident of protection
              (14 damage)
             ... on level 2 of the Lair of Beasts.
             The game lasted 00:04:32 (10004 turns).

qw the Skirmisher (Gargoyle Hunter)                Turns: 10004, Time: 00:04:33

Health: -10/77     AC: 22    Str: 16    XL:     12   Next: 10%
Magic:  17/17      EV: 18    Int: 10    God:    Okawaru [****..]
Gold:   575        SH:  0    Dex: 17    Spells: 11/11 levels left

rFire   . . .        o - +2 orcbow (flame)
rCold   + . .        (shield currently unavailable)
rNeg    + . .        d - +2 robe {Will+}
rPois   inf          q - +2 hat {SInv}
rElec   +            (no cloak)
rCorr   .            (no gloves)
SInv    +            m - +2 pair of boots
Will    +....        n - amulet of faith
Stlth   +++          s - ring of protection from cold
HPRegen 0.32/turn    l - +4 ring of protection
MPRegen 0.15/turn

%: faith
@: about to teleport, heroic
A: sickness immunity, AC +8, negative energy resistance 1, electricity
resistance, torment resistance 1, petrification resistance
a: Renounce Religion, Heroism, Finesse


You were on level 2 of the Lair of Beasts.
You worshipped Okawaru.
Okawaru was greatly pleased with you.
You visited 3 branches of the dungeon, and saw 11 of its levels.

You collected 575 gold pieces.


Innate Abilities, Weirdness & Mutations

You are immune to sickness and miasma.
Your stone body is resilient. (AC +8)
You are immune to poison.
You resist negative energy. (rN+)
You are resistant to electric shocks. (rElec)
You are resistant to unholy torment.
You are immune to petrification.


   Skills:
 - Level 10.2(15.2) Fighting
 + Level 14.7(19.7) Ranged Weapons
 - Level 2.4(7.4) Armour
 - Level 5.0(10.0) Dodging
 - Level 1.1(6.1) Stealth
 + Level 7.3 Invocations


You had 11 spell levels left.
You didn't know any spells.
Your spell library was empty.

Inventory:

Hand Weapons
 o - a +2 orcbow of flaming (weapon)
Armour
 d - a +2 robe of willpower (worn)
 m - a +2 pair of boots (worn)
 q - a +2 hat of see invisible (worn)
Jewellery
 b - an amulet of the acrobat
 l - a +4 ring of protection (right hand)
 n - an amulet of faith (around neck)
 s - a ring of protection from cold (left hand)
 Y - a +6 ring of strength
Wands
 p - a wand of digging (2)
Scrolls
 g - 4 scrolls of identify
 h - 2 scrolls of enchant armour
Potions
 a - 2 potions of haste
 c - 3 potions of curing
 e - a potion of cancellation
 f - a potion of mutation
 i - 2 potions of lignification
 j - a potion of might
 k - a potion of attraction

Dungeon Overview and Level Annotations

Branches:
Dungeon (8/15)             Temple (1/1) D:7            Lair (2/5) D:8
  Snake (0/4) Lair:2
  Swamp: Lair:2-3    Shoals: Lair:2-3

Altars:
Ashenzari
Cheibriados
Dithmenos
Elyvilon
Fedhas
Gozag
Hepliaklqana
Kikubaaqudgha
Makhleb
Nemelex Xobeh
Okawaru
Qazlal
Ru
Sif Muna
Trog
Vehumet
Wu Jian
Xom
Yredelemnul
Zin
The Shining One

Shops:
D:6 :

Annotations:
Lair:2 exclusion: 4 salamanders


Message History

Enter note:
Enter note:
Enter note:
Enter note:
Enter note:
Enter note:
Enter note:
Enter note:
9994 ||| FLEEEEING.
9995 ||| FLEEEEING.
There is a stone staircase leading down here.
You shoot an arrow. The arrow hits the salamander!
The salamander is almost dead.
The salamander hits you but does no damage.
You shoot an arrow.
The arrow hits the salamander but does no damage.
The salamander is almost dead.
The salamander misses you.
You shoot an arrow. The arrow hits the salamander.
The salamander is almost dead.
You shoot an arrow. The arrow hits the salamander.
The salamander is almost dead.
The salamander misses you.
You shoot an arrow.
The arrow closely misses the salamander.
The salamander closely misses you.
You shoot an arrow. The arrow barely misses the salamander.
You shoot an arrow. The arrow barely misses the salamander.
The salamander hits you from afar with a +2 trident of protection.
You are engulfed in flames!
10003 ||| READING scroll of teleportation.
As you read the scroll of teleportation, it crumbles to dust.
You feel strangely unstable.
The salamander hits you but does no damage.
You shoot an arrow.
The arrow hits the salamander but does no damage.
The salamander is almost dead.
The salamander hits you from afar with a +2 trident of protection!
You are engulfed in flames!
You die...

### #.............# ###
#...###..###.## ##..#...##
#.# #¤¤.. #.......# #.##
#~~.> ##...##.## #..# ~...
#...##.#####..###### #¤..
##............#...#.### #~¤.
##.....##............... #..
##....N.@.........##.#.##
#.##..######.P#####..#######
#....## #### #..######.
##.#.## #..##.#..# ####.#
##........ ### #.####..# ###
####


You could see a salamander.

Vanquished Creatures
  Gastronok (Lair:1)
  A skyshark (Lair:2)
  Pikel (D:7)
  A black mamba (Lair:2)
  A torpor snail (Lair:2)
  4 cane toads
  5 komodo dragons
  A rime drake (Lair:2)
  A hornet (D:4)
  Grinder (D:6)
  9 blink frogs (Lair:2)
  11 yaks
  A basilisk (Lair:2)
  5 wyverns
  Menkaure (D:6)
  9 water moccasins
  Duvessa (D:6)
  A sky beast (D:8)
  2 black bears
  2 ogres
  5 wolves (Lair:2)
  2 centaurs
  A lemure (D:7)
  A kobold brigand (D:6)
  Blork the orc (D:5)
  5 bullfrogs
  2 scorpions
  5 wights (D:8)
  Dowan (D:6)
  A vampire bat (D:3)
  An electric eel (Lair:2)
  2 howler monkeys
  4 hounds
  2 lava snakes
  A jelly (D:5)
  A gnoll bouda (D:8)
  2 orc priests
  3 iguanas
  2 sleepcaps
  Ijyb (D:4)
  2 orc wizards
  5 gnolls (D:8)
  9 adders
  A shadow imp (D:7)
  A white imp (D:5)
  2 ufetubi
  3 worms
  2 dart slugs
  24 orcs
  5 ball pythons
  15 bats
  15 endoplasms
  5 giant cockroaches
  8 goblins
  8 hobgoblins
  13 jackals
  6 frilled lizards
  10 kobolds
  5 rats
241 creatures vanquished.

Vanquished Creatures (others)
  A human (D:4)
1 creature vanquished.

Grand Total: 242 creatures vanquished

Notes
Turn   | Place    | Note
-------+----------+-------------------------------------------
     0 | D:1      | qw the Gargoyle Hunter began the quest for the Orb.
     0 | D:1      | Reached XP level 1. HP: 12/12 MP: 1/1
     0 | D:1      | 0 ||| qw: Version: 0.2-a-29-g1fa15c8
     0 | D:1      | 0 ||| qw: Game counter: 4944
     0 | D:1      | 0 ||| qw: Always use a shield: true
     0 | D:1      | 0 ||| qw: God list: Okawaru
     0 | D:1      | 0 ||| qw: Allow faded altars: false
     0 | D:1      | 0 ||| qw: Do Orc after D:15 true
     0 | D:1      | 0 ||| qw: Do second Lair branch before Depths: true
     0 | D:1      | 0 ||| qw: Lair rune preference: random
     0 | D:1      | 0 ||| qw: Plans: Normal, Zot:1-4, Slime:5, God:TSO, Crypt,
                  | Tomb, Abyss, Pan, Hells, Win
     0 | D:1      | 0 ||| PLANNING D:1-11
   228 | D:1      | Reached XP level 2. HP: 17/17 MP: 2/2
   256 | D:1      | 256 ||| DROPPING scroll of butterflies.
   994 | D:1      | 994 ||| UPGRADING to +0 ring mail.
  1004 | D:1      | 1004 ||| DROPPING +0 leather armour.
  1005 | D:1      | 1005 ||| READING scroll labelled IZXEPAT AHAUC.
  1008 | D:1      | 1008 ||| READING 2 scrolls labelled QAOBRI MIME.
  1009 | D:1      | 1009 ||| READING scroll labelled HUMELO PATRIJ.
  1010 | D:1      | 1010 ||| READING scroll labelled ZUADWYSE SIDOFAM.
  1029 | D:2      | Reached XP level 3. HP: 21/21 MP: 3/3
  1053 | D:2      | Reached skill level 1 in Armour
  1123 | D:2      | Reached skill level 5 in Ranged Weapons
  1399 | D:2      | Reached XP level 4. HP: 27/27 MP: 4/4
  1503 | D:2      | Reached skill level 3 in Fighting
  1885 | D:2      | 1885 ||| READING scroll labelled DUTYAKHLY CESIPN.
  1939 | D:2      | 1939 ||| READING scroll labelled JEIMOCL NATHIG.
  1940 | D:2      | 1940 ||| READING scroll labelled LUCENN OCUE.
  1941 | D:2      | 1941 ||| READING 5 scrolls of identify.
  1941 | D:2      | 1941 ||| IDENTIFYING red potion
  1942 | D:2      | 1942 ||| READING 4 scrolls of identify.
  1942 | D:2      | 1942 ||| IDENTIFYING coppery potion
  1943 | D:2      | 1943 ||| READING 3 scrolls of identify.
  1943 | D:2      | 1943 ||| IDENTIFYING amethyst potion
  1944 | D:2      | 1944 ||| READING 2 scrolls of identify.
  1944 | D:2      | 1944 ||| IDENTIFYING fuming coppery potion
  1945 | D:2      | 1945 ||| DROPPING potion of degeneration.
  2032 | D:3      | Reached XP level 5. HP: 32/32 MP: 5/5
  2170 | D:3      | Reached skill level 6 in Ranged Weapons
  2434 | D:3      | Found a shimmering altar of Xom.
  2436 | D:3      | Found a shimmering blue altar of Sif Muna.
  2436 | D:3      | Found a bloodstained altar of Trog.
  2438 | D:3      | Found a hazy altar of Hepliaklqana.
  2438 | D:3      | Found an ornate altar of the Wu Jian Council.
  2438 | D:3      | Found a shimmering altar of Xom.
  2442 | D:3      | 2442 ||| DROPPING +6 ring of intelligence.
  2443 | D:3      | 2443 ||| UPGRADING to +6 ring of strength.
  2444 | D:3      | 2444 ||| READING scroll labelled SISEGE KERASU.
  2445 | D:3      | 2445 ||| READING scroll labelled NEJOVI HEMURA.
  2446 | D:3      | 2446 ||| READING 2 scrolls of identify.
  2446 | D:3      | 2446 ||| IDENTIFYING fuming white potion
  2561 | D:4      | Reached XP level 6. HP: 34/38 MP: 6/6
  2589 | D:4      | Found an ancient bone altar of Kikubaaqudgha.
  2597 | D:4      | Noticed a human
  2598 | D:4      | Killed a human
  2966 | D:4      | Noticed a hornet
  2970 | D:4      | Noticed Ijyb
  2980 | D:4      | Killed Ijyb
  2986 | D:4      | Killed a hornet
  2987 | D:4      | Reached skill level 7 in Ranged Weapons
  2987 | D:4      | Reached XP level 7. HP: 31/43 MP: 7/7
  3033 | D:4      | Found a bloodstained altar of Trog.
  3223 | D:4      | Found a snail-covered altar of Cheibriados.
  3224 | D:4      | 3224 ||| UPGRADING to amulet of faith.
  3229 | D:4      | 3229 ||| DROPPING ring of wizardry.
  3230 | D:4      | 3230 ||| READING scroll labelled IDDANECONOE.
  3231 | D:4      | 3231 ||| DRINKING 2 fuming yellow potions.
  3378 | D:4      | Reached skill level 8 in Ranged Weapons
  3666 | D:4      | 3666 ||| READING 2 scrolls of identify.
  3666 | D:4      | 3666 ||| IDENTIFYING sedimented dark potion
  3667 | D:4      | 3667 ||| DROPPING potion of brilliance.
  3668 | D:4      | 3668 ||| DROPPING potion of berserk rage.
  3675 | D:5      | Entered Level 5 of the Dungeon
  3875 | D:5      | Noticed Blork the orc
  3881 | D:5      | Killed Blork the orc
  3882 | D:5      | Reached XP level 8. HP: 30/49 MP: 8/8
  3963 | D:5      | 3963 ||| DROPPING +0 sling.
  4263 | D:5      | Found a sacrificial altar of Ru.
  4359 | D:5      | 4359 ||| UPGRADING to +4 ring of protection.
  4360 | D:5      | 4360 ||| READING scroll labelled QAGHUS JOSS.
  4361 | D:5      | 4361 ||| READING 3 scrolls of identify.
  4361 | D:5      | 4361 ||| IDENTIFYING metallic black potion
  4362 | D:5      | 4362 ||| READING 2 scrolls of identify.
  4362 | D:5      | 4362 ||| IDENTIFYING purple potion
  4490 | D:6      | Noticed Grinder
  4508 | D:6      | Killed Grinder
  4509 | D:6      | Reached skill level 9 in Ranged Weapons
  4594 | D:6      | 4594 ||| DROPPING +0 shortbow.
  4595 | D:6      | 4595 ||| UPGRADING to +0 orcbow.
  4596 | D:6      | 4596 ||| DROPPING +1 shortbow of draining.
  4610 | D:6      | Found a shimmering blue altar of Sif Muna.
  4626 | D:6      | Reached skill level 6 in Fighting
  4638 | D:6      | Found a glowing golden altar of the Shining One.
  4701 | D:6      | Noticed Menkaure
  4714 | D:6      | Killed Menkaure
  4717 | D:6      | Noticed Dowan
  4721 | D:6      | HP: 6/51 [Dowan/puff of flame (9)]
  4722 | D:6      | 4722 ||| READING scroll of teleportation.
  4723 | D:6      | 4723 ||| DRINKING potion of heal wounds.
  4854 | D:6      | Found a burning altar of Makhleb.
  4854 | D:6      | Found a glowing silver altar of Zin.
  4855 | D:6      | Noticed an angel
  4855 | D:6      | Noticed a blizzard demon
  4862 | D:6      | 4862 ||| Stepping ~*~*~tactically~*~*~ (outnumbered).
  4868 | D:6      | 4868 ||| Stepping ~*~*~tactically~*~*~ (outnumbered).
  4885 | D:6      | 4885 ||| Stepping ~*~*~tactically~*~*~ (outnumbered).
  4897 | D:6      | Reached skill level 10 in Ranged Weapons
  4897 | D:6      | Reached XP level 9. HP: 55/55 MP: 9/9
  4929 | D:6      | Found Roen's Book Emporium.
  5029 | D:6      | Noticed Duvessa
  5040 | D:6      | Killed Duvessa
  5041 | D:6      | Reached skill level 3 in Dodging
  5076 | D:6      | Killed Dowan
  5115 | D:6      | 5115 ||| DRINKING 2 sedimented puce potions.
  5116 | D:6      | 5116 ||| DRINKING 2 fizzy pink potions.
  5117 | D:6      | 5117 ||| READING 2 scrolls of identify.
  5117 | D:6      | 5117 ||| IDENTIFYING murky grey potion
  5118 | D:6      | 5118 ||| DROPPING potion of enlightenment.
  5148 | D:7      | 5148 ||| READING scroll of enchant weapon.
  5148 | D:7      | 5148 ||| ENCHANTING +0 orcbow.
  5195 | D:7      | 5195 ||| DRINKING 2 potions of curing.
  5195 | D:7      | 5195 ||| (to cure confusion)
  5296 | D:7      | Noticed Pikel
  5316 | D:7      | Killed Pikel
  5317 | D:7      | Reached skill level 11 in Ranged Weapons
  5417 | D:7      | Found a staircase to the Ecumenical Temple.
  5418 | D:7      | 5418 ||| PLANNING TEMPLE
  5418 | D:7      | 5418 ||| UPGRADING to +2 robe of willpower.
  5428 | D:7      | 5428 ||| DROPPING +0 ring mail.
  5434 | Temple   | Entered the Ecumenical Temple
  5457 | Temple   | 5457 ||| PLANNING OKAWARU WORSHIP
  5472 | Temple   | Became a worshipper of Warmaster Okawaru
  5473 | Temple   | 5473 ||| PLANNING D:1-11
  5918 | D:7      | 5918 ||| READING scroll labelled ULIX NAXTY.
  5919 | D:7      | 5919 ||| READING 2 scrolls of identify.
  5919 | D:7      | 5919 ||| IDENTIFYING golden potion
  5920 | D:7      | 5920 ||| DROPPING potion of invisibility.
  5942 | D:8      | 5942 ||| STAIRDANCE
  6098 | D:8      | 6098 ||| STAIRDANCE
  6119 | D:7      | Reached * piety under Okawaru
  6120 | D:7      | Reached XP level 10. HP: 29/64 MP: 10/10
  6239 | D:8      | 6239 ||| STAIRDANCE
  6241 | D:7      | 6241 ||| INVOKING Heroism.
  6244 | D:7      | Reached skill level 1 in Invocations
  6255 | D:7      | 6255 ||| INVOKING Heroism.
  6258 | D:7      | Reached skill level 12 in Ranged Weapons
  6410 | D:8      | 6410 ||| STAIRDANCE
  6419 | D:7      | 6419 ||| INVOKING Heroism.
  6425 | D:7      | Reached skill level 3 in Invocations
  6425 | D:7      | HP: 15/64 [yak (10)]
  6615 | D:8      | 6615 ||| STAIRDANCE
  6619 | D:7      | 6619 ||| INVOKING Heroism.
  6725 | D:8      | Found a staircase to the Lair.
  6804 | D:8      | Found a stormy altar of Qazlal.
  7065 | D:8      | 7065 ||| READING scroll of enchant weapon.
  7065 | D:8      | 7065 ||| ENCHANTING +1 orcbow.
  7144 | D:8      | Reached ** piety under Okawaru
  7151 | D:8      | 7151 ||| INVOKING Heroism.
  7739 | D:8      | 7739 ||| PLANNING LAIR
  7739 | D:8      | 7739 ||| UPGRADING to +2 pair of boots.
  7799 | Lair:1   | Entered Level 1 of the Lair of Beasts
  7845 | Lair:1   | 7845 ||| READING scroll of brand weapon.
  7845 | Lair:1   | 7845 ||| BRANDING +2 orcbow.
  7849 | Lair:1   | Noticed a cane toad
  7850 | Lair:1   | 7850 ||| INVOKING Heroism.
  7862 | Lair:1   | Killed a cane toad
  8017 | Lair:1   | 8017 ||| INVOKING Heroism.
  8028 | Lair:1   | Reached skill level 13 in Ranged Weapons
  8274 | Lair:1   | 8274 ||| INVOKING Heroism.
  8285 | Lair:1   | HP: 14/65 [yak (9)]
  8286 | Lair:1   | 8286 ||| DRINKING potion of heal wounds.
  8288 | Lair:1   | Reached skill level 9 in Fighting
  8389 | Lair:1   | Noticed Gastronok
  8390 | Lair:1   | 8390 ||| INVOKING Heroism.
  8413 | Lair:1   | 8413 ||| INVOKING Heroism.
  8417 | Lair:1   | Killed Gastronok
  8417 | Lair:1   | Reached *** piety under Okawaru
  8418 | Lair:1   | Reached XP level 11. HP: 44/71 MP: 11/14
  8530 | Lair:1   | 8530 ||| INVOKING Heroism.
  8592 | Lair:1   | 8592 ||| INVOKING Heroism.
  8602 | Lair:1   | Reached skill level 14 in Ranged Weapons
  8875 | Lair:1   | 8875 ||| INVOKING Heroism.
  8960 | Lair:1   | 8960 ||| UPGRADING to +2 hat of see invisible.
  8965 | Lair:1   | 8965 ||| UPGRADING to ring of protection from cold.
  9006 | Lair:2   | 9006 ||| INVOKING Heroism.
  9079 | Lair:2   | 9079 ||| INVOKING Heroism.
  9113 | Lair:2   | Reached **** piety under Okawaru
  9134 | Lair:2   | Noticed a skyshark
  9256 | Lair:2   | 9256 ||| INVOKING Heroism.
  9279 | Lair:2   | 9279 ||| INVOKING Heroism.
  9326 | Lair:2   | Killed a skyshark
  9413 | Lair:2   | 9413 ||| INVOKING Heroism.
  9419 | Lair:2   | Reached skill level 6 in Invocations
  9432 | Lair:2   | Received a gift from Okawaru
  9447 | Lair:2   | 9447 ||| INVOKING Heroism.
  9457 | Lair:2   | Reached XP level 12. HP: 62/77 MP: 14/17
  9508 | Lair:2   | 9508 ||| INVOKING Heroism.
  9640 | Lair:2   | Identified the +4 trident of Cifiz {heavy, Int+2}
  9960 | Lair:2   | Found a staircase to the Snake Pit.
  9961 | Lair:2   | 9961 ||| Stepping ~*~*~tactically~*~*~ (outnumbered).
  9974 | Lair:2   | 9974 ||| INVOKING Heroism.
  9994 | Lair:2   | 9994 ||| FLEEEEING.
  9995 | Lair:2   | 9995 ||| FLEEEEING.
 10002 | Lair:2   | HP: 11/77 [salamander/+2 trident of protection (10)]
 10003 | Lair:2   | 10003 ||| READING scroll of teleportation.
 10004 | Lair:2   | HP: 4/77 [salamander/+2 trident of protection (7)]
 10004 | Lair:2   | Mangled by a salamander

Levels and vault maps discovered:
D:1:      matt_arrival_refuge, layout_loops_corners, serial_bayou,
          serial_bayou_lagoon_b, serial_bayou_shore_a, serial_bayou_shore_b,
          serial_bayou_pond_b, serial_bayou_lagoon_a
D:2:      layout_basic, nicolae_hexahallways, minmay_circle_x
D:3:      layout_rooms, doesnt_xom_only_xom, st_stairs_13, roderic_batcave
D:4:      layout_gridville, lemuel_coloured_pillars_altar,
          cheibrodos_worm_habitat, tgw_kikubaaqudgha, minmay_misc_feat_cross,
          uniq_ijyb
D:5:      layout_basic, mainiacjoe_overflow_alcove_1, serial_glass,
          glass_columns_b, glass_columns_a, glass_columns_a, glass_columns_c,
          glass_columns_a, glass_columns_a, uniq_blork_the_orc
D:6:      layout_cave_pools, grunt_temple_overflow_order_and_chaos_2,
          grunt_temple_overflow_open, minmay_shop_grid_forest, uniq_duvessa,
          uniq_grinder, uniq_menkaure
D:7:      layout_basic, minmay_temple_entry_fiery, uniq_pikel
D:8:      layout_layer_cave, mainiacjoe_overflow_tiny_flanked,
          minmay_lair_entry_grove, grunt_decor_junction, grunt_decor_fettered
Temple:   hellmonk_temple_of_storms
Lair:1:   layout_cave_pods, uniq_gastronok
Lair:2:   layout_loops_ring, nicolae_snake_entry_warm_welcome,
          lemuel_fruit_fields, infiniplex_staircase_pool

Skill      XL: |  1  2  3  4  5  6  7  8  9 10 11 12 |
---------------+-------------------------------------+-----
Armour         | 1 2 |  2.4
Ranged Weapons | 5 6 7 8 10 11 13 14 | 14.7
Fighting       | 3 4 5 6 8 9 10 | 10.2
Dodging        | 2 3 4 5 |  5.0
Invocations    | 4 6 7 |  7.3
Stealth        | |  1.1

Action                     |  1- 3 |  4- 6 |  7- 9 | 10-12 || total
---------------------------+-------+-------+-------+-------++-------
   Fire: Shortbow          |   102 |   172 |   140 |       ||   414
         Orcbow            |       |       |   236 |   446 ||   682
 Invoke: Heroism           |       |       |       |    21 ||    21
    Use: Scroll            |     4 |    10 |    10 |     3 ||    27
         Potion            |       |       |     5 |     1 ||     6
 Armour: Leather armour    |    15 |       |       |       ||    15
         Ring mail         |     4 |    58 |    88 |       ||   150
         Robe              |       |       |    13 |    83 ||    96
  Dodge: Dodged            |    17 |    64 |   135 |   186 ||   402

Table legend:
 A = Non-vault XP
 B = Vault XP
 C = Vault XP percentage of total XP
 D = Non-vault monster count
 E = Vault monster count
 F = Vault count percentage of total count
                 A         B        C        D         E       F
            +---------+---------+-------+---------+---------+-------
      Total |   14501 |    5366 |  27.0 |     196 |      44 |  18.3
            +---------+---------+-------+---------+---------+-------
        D:1 |      27 |       6 |  18.2 |      16 |       3 |  15.8
        D:2 |      71 |      10 |  12.3 |      20 |       7 |  25.9
        D:3 |      84 |      76 |  47.5 |      17 |      12 |  41.4
        D:4 |     555 |      41 |   6.9 |      29 |       2 |   6.5
        D:5 |     330 |      91 |  21.6 |      17 |       1 |   5.6
        D:6 |     747 |     661 |  46.9 |      25 |       4 |  13.8
        D:7 |     584 |    2711 |  82.3 |      12 |      12 |  50.0
        D:8 |     887 |     221 |  19.9 |      16 |       1 |   5.9
     Lair:1 |    3046 |    1502 |  33.0 |      11 |       1 |   8.3
     Lair:2 |    8170 |      47 |   0.6 |      33 |       1 |   2.9
            +---------+---------+-------+---------+---------+-------
